 Dungeon Crawl Stone Soup version 0.17-a0-725-gfa8c127 (webtiles) character file.

98 Trafet the Insei (level 4, 0/21 HPs)
             Began as a Vine Stalker Transmuter on Apr 20, 2015.
             Killed by nerve-wracking pain
             ... invoked by an orc priest
              (1 damage)
             ... on level 3 of the Dungeon.
             The game lasted 00:03:30 (1563 turns).

Trafet the Insei (Vine Stalker Transmuter)          Turns: 1563, Time: 00:03:30

Health: 0/21       AC:  7    Str: 13    XL:     4   Next: 69%
Magic:  0/8        EV: 13    Int: 18    God:
Gold:   81         SH:  0    Dex: 15    Spells: 1 memorised, 6 levels left

rFire  . . .     SeeInvis .       - Unarmed
rCold  . . .     Clarity  .     c - +0 robe
rNeg   . . .     SustAb   .     (no shield)
rPois  .         Gourm    .     (no helmet)
rElec  .         Spirit   +     n - +2 cloak {+Inv}
rCorr  .         Warding  .     (no gloves)
rMut   .         Stasis   .     j - +0 pair of boots
MR     .....                    (no amulet)
Stlth  +.........               (no ring)
                                (no ring)

@: brilliant, not resistant to hostile enchantments, very unstealthy
A: fangs 2, regeneration 1, shaggy fur 1, magic shield, antimagic bite, no
device heal 3, rot immunity
a: Evoke Invisibility


You were on level 3 of the Dungeon.
You were not hungry.

You visited 1 branch of the dungeon, and saw 3 of its levels.

You collected 81 gold pieces.

Inventory:

Missiles
 b - 33 arrows
 o - 19 arrows of flame
Armour
 c - a +0 robe (worn)
 j - a +0 pair of boots (worn)
 n - a +2 cloak of invisibility (worn)
Jewellery
 h - an uncursed ring of wizardry {unknown}
Scrolls
 e - 3 scrolls of magic mapping {unknown}
 f - 4 scrolls of remove curse {unknown}
 p - a scroll of blinking {unknown}
 q - a scroll of random uselessness {unknown}
 s - a scroll of noise {unknown}
 t - a scroll of enchant armour {unknown}
 v - a scroll of identify {unknown}
Potions
 k - a potion of resistance {unknown}
 l - a potion of mutation {unknown}
 r - a potion of degeneration {unknown}
 u - a potion of brilliance
 w - a potion of poison {unknown}
 x - a potion of cancellation {unknown}
 z - a potion of haste {unknown}
Books
 d - a book of Changes

   Spells                             Type                      Level
   a - Beastly Appendage              Transmutation                1
   b - Sticks to Snakes               Transmutation                2
   c - Spider Form                    Transmutation/Poison         3
   d - Ice Form                       Ice/Transmutation            4
   e - Blade Hands                    Transmutation                5
Comestibles
 a - 2 bread rations
 g - a slice of pizza
 m - a beef jerky
 A - 4 chunks of flesh


   Skills:
 - Level 0.8 Fighting
 + Level 2.5 Dodging
 * Level 4.6 Unarmed Combat
 - Level 2.1 Spellcasting
 - Level 2.0 Transmutations


You had 6 spell levels left.
You knew the following spells:

 Your Spells              Type           Power        Failure   Level  Hunger
a - Beastly Appendage     Trmt           ###...       1%          1    #......


Dungeon Overview and Level Annotations

Branches:
Dungeon (3/15)

Altars:
The Shining One


Innate Abilities, Weirdness & Mutations

You have extremely sharp teeth.
Your natural rate of healing is unusually fast.
You are covered in fur (AC +1).
When hurt, damage is shared between your health and your magic reserves.
Your bite disrupts and absorbs the magic of your enemies.
Potions and wands cannot restore your health.
You are immune to rotting.


Message History

You closely miss the orc wizard. Your bite misses the orc wizard.
The rat barely misses you.
The orc priest calls upon Beogh to heal the orc.
The orc's wounds heal themselves!
The orc misses you.
Unknown command.
Drink which item? (? for menu, Esc to quit)
It was a potion of brilliance.
You feel clever all of a sudden. The orc closely misses you.
The orc wizard casts a spell.
The orc wizard blinks!
The rat closely misses you.
The orc priest hits you with a short sword.
* * * LOW HITPOINT WARNING * * *
The orc misses you.
Drink which item? (? for menu, Esc to quit)
It was a potion of curing.
You feel better. The orc hits you but does no damage. The rat bites you.
The orc priest calls down the wrath of Beogh upon you.
Pain shoots through your body!
You die...

.....................
#.....................
...#.......#..........
#..........#..........
### #...#....>)........
.$..###....###..........
#.w....#......########
##.#.oo#######....#
#....r@o# #....#
.......oo.(# ######
......oo.## ..####..## .
##.# #.# ###


You could see a worm, an orc priest, an orc wizard, 5 orcs and a rat.

Vanquished Creatures
  3 adders (D:2)
  3 giant geckos
  2 orcs (D:3)
  2 ball pythons (D:1)
  5 goblins
  10 hobgoblins
  11 jackals
  4 bats (D:1)
  4 giant cockroaches
  A giant newt (D:2)
  2 kobolds
  2 quokkas (D:2)
  15 rats
64 creatures vanquished.

Notes
Turn   | Place    | Note
--------------------------------------------------------------
     0 | D:1      | Trafet, the Vine Stalker Transmuter, began the quest for the Orb.
     0 | D:1      | Reached XP level 1. HP: 9/9 MP: 4/4
    87 | D:1      | Reached XP level 2. HP: 10/14 MP: 4/6
   317 | D:1      | Found a glowing golden altar of the Shining One.
   340 | D:1      | Reached XP level 3. HP: 17/17 MP: 7/7
   526 | D:1      | Reached skill level 4 in Unarmed Combat
  1026 | D:2      | Reached XP level 4. HP: 17/21 MP: 8/8
  1562 | D:3      | HP: 1/21 [orc priest/short sword (2)]
  1563 | D:3      | Killed from afar by an orc priest

Action                   |  1- 3 |  4- 6 || total
-------------------------+-------+-------++-------
Melee: Unarmed           |   124 |    83 ||   207
  Use: Potion            |       |     2 ||     2
  Eat: Chunk             |       |     2 ||     2
